 Dungeon Crawl Stone Soup version 0.23-a0-422-g30b1108d6a (webtiles) character file.

330484 twirl the Slayer (level 20, -2/204 HPs)
             Began as a Minotaur Berserker on Nov 15, 2018.
             Was a High Priest of Trog.
             Killed from afar by a frost giant (13 damage)
             ... with a bolt of cold
             ... on level 3 of the Depths.
             The game lasted 04:00:48 (61370 turns).

twirl the Slayer (Minotaur Berserker)              Turns: 61370, Time: 04:00:49

Health: -2/204     AC: 30    Str: 28    XL:     20   Next: 85%
Magic:  22/22      EV:  7    Int: 10    God:    Trog [*****.]
Gold:   707        SH: 23    Dex:  8    Spells: 19/19 levels left

rFire    + + +     SeeInvis .   a - +6 war axe of Kenwept {pain, rElec rF+}
rCold    + . .     Gourm    .   t - +0 large shield "Viosuh" {rElec rF+}
rNeg     . . .     Faith    .   M - +0 crystal plate armour
rPois    .         Spirit   .   T - +1 hat {MR+}
rElec    +         Reflect  +   V - +0 cloak
rCorr    .         Harm     .   W - +2 pair of gloves {Str+3}
MR       +++..                  Q - +0 pair of boots
Stlth    ..........             Y - +2 amulet of reflection
HPRegen  0.44/turn              w - ring of protection from magic
MPRegen  0.18/turn              F - ring "Xaitac" {rF+ rC+ Slay+3}

@: berserk cooldown, slowed, studying Long Blades, very heavily drained, very
slow
A: retaliatory headbutt, horns 2, clumsy 1
}: 2/15 runes: decaying, serpentine
a: Berserk, Trog's Hand, Brothers in Arms, Renounce Religion


You were on level 3 of the Depths.
You worshipped Trog.
Trog was extremely pleased with you.
You were very hungry.

You visited 8 branches of the dungeon, and saw 38 of its levels.
You also visited: Ossuary and Ice Cave.

You collected 5121 gold pieces.
You spent 4414 gold pieces at shops.

Inventory:

Hand Weapons
 a - the +6 war axe of Kenwept (weapon) {pain, rElec rF+}
   (You took it off an orc on level 4 of the Dungeon)

   In the hands of one skilled in necromantic magic, it inflicts extra damage on
   living creatures.
   It protects you from fire.
   It insulates you from electricity.
 b - the +7 Singing Sword {slice, sonic wave}
   (You found it on level 2 of the Depths)

   It inflicts extra damage upon your enemies.
Armour
 t - the +0 large shield "Viosuh" (worn) {rElec rF+}
   (You acquired it on level 3 of the Elven Halls)

   It protects you from fire.
   It insulates you from electricity.
 M - a +0 crystal plate armour (worn)
 Q - a +0 pair of boots (worn)
 T - a +1 hat of magic resistance (worn)
 V - a +0 cloak (worn)
 W - a +2 pair of gloves of strength (worn)
Jewellery
 f - the ring "Piliucvim" {rElec rF+ Slay+3 Stlth+}
   (You found it on level 2 of the Depths)

   [ring of slaying]

   It affects your accuracy and damage with ranged weapons and melee attacks
   (+3).
   It protects you from fire.
   It insulates you from electricity.
   It makes you more stealthy.
 j - the ring "Esmu" {rPois rC+ MP+9 Stlth-}
   (You bought it in a shop on level 11 of the Dungeon)

   [ring of attention]

   It protects you from cold.
   It protects you from poison.
   It affects your magic capacity (+9).
   It makes you less stealthy.
 w - a ring of protection from magic (left hand)
 F - the ring "Xaitac" (right hand) {rF+ rC+ Slay+3}
   (You found it on level 3 of the Snake Pit)

   [ring of protection from fire]

   It affects your accuracy and damage with ranged weapons and melee attacks
   (+3).
   It protects you from fire.
   It protects you from cold.
 O - the ring of Sovereignty {rCorr rC+ Int+2 Stlth+}
   (You found it on level 3 of the Snake Pit)

   [ring of resist corrosion]

   It affects your intelligence (+2).
   It protects you from cold.
   It makes you more stealthy.
 Y - a +2 amulet of reflection (around neck)
Wands
 h - a wand of clouds (2)
 v - a wand of acid (26)
 G - a wand of paralysis (17)
 I - a wand of digging (26)
 P - a wand of iceblast (47)
 R - a wand of enslavement (23)
Scrolls
 d - 9 scrolls of remove curse
 e - 9 scrolls of teleportation
 l - 9 scrolls of fog
 o - 4 scrolls of identify
 p - 11 scrolls of enchant armour
 q - 3 scrolls of blinking
 s - 6 scrolls of magic mapping
 y - 10 scrolls of fear
 z - 5 scrolls of immolation
 B - 2 scrolls of vulnerability
 D - 5 scrolls of enchant weapon
 H - a scroll of holy word
 K - 2 scrolls of torment
 L - 2 scrolls of brand weapon
 N - a scroll of summoning
Potions
 g - 12 potions of mutation
 i - 10 potions of curing
 k - 3 potions of invisibility
 m - 3 potions of haste
 n - 6 potions of heal wounds
 r - 2 potions of might
 u - 2 potions of flight
 x - 4 potions of lignification
 A - 4 potions of resistance
 C - 4 potions of ambrosia
 E - a potion of magic
 J - 4 potions of agility
 S - 7 potions of brilliance
Books
 U - a manual of Long Blades
Comestibles
 c - 15 rations


   Skills:
 + Level 23.3(16.8) Fighting
 + Level 4.0(0.0) Long Blades
 - Level 16.0(10.3) Axes
 - Level 19.2(13.1) Armour
 - Level 14.1(8.7) Dodging
 * Level 21.4(15.0) Shields
 - Level 5.0(0.7) Evocations


You had 19 spell levels left.
You didn't know any spells.
Your spell library was empty.

Dungeon Overview and Level Annotations

Branches:
Dungeon (15/15)            Temple (1/1) D:4            Lair (6/6) D:10
  Swamp (4/4) Lair:3        Snake (4/4) Lair:2        Slime (0/5) Lair:6
    Orc (2/2) D:9             Elf (3/3) Orc:2        Vaults (0/5) D:14
 Depths (3/5) D:15

Altars:
Ashenzari
Cheibriados
Dithmenos
Elyvilon
Fedhas
Gozag
Hepliaklqana
Kikubaaqudgha
Makhleb
Nemelex Xobeh
Okawaru
Qazlal
Ru
Sif Muna
Trog
Uskayaw
Vehumet
Wu Jian
Xom
Yredelemnul
Zin
The Shining One
Jiyva

Shops:
D:6 %(:   D:11 *   D:15 [   Orc:2 %??==[::   Elf:3 *   Snake:1 !   Snake:3 :
Snake:4 [

Portals:
Hell: Depths:1 Depths:2
Trove: D:15 (give +6 demon whip)

Annotations:
Elf:2 5 runed doors


Innate Abilities, Weirdness & Mutations

You reflexively headbutt those who attack you in melee.
You have a pair of horns on your head.
You are clumsy. (Dex -2)


Message History

You hit the frost giant.
The frost giant is heavily wounded.
You block the frost giant's attack.
The frost giant hits you but does no damage.
You slash the frost giant! You headbutt the frost giant!
The frost giant is severely wounded.
The frost giant hits you but does no damage.
You hit the frost giant.
The frost giant is severely wounded.
The frost giant points at you and mumbles some strange words.
The bolt of cold hits you! You resist.
* * * LOW HITPOINT WARNING * * *
You block the frost giant's attack.
The quicksilver dragon roars deafeningly!
You slice the frost giant!!
The frost giant is almost dead.
You hear a shout! x2
The frost giant gestures at you while chanting.
The bolt of cold hits you! You resist.
You die...

###. .. ## #... .###
####.##..###...###
.......#.........
............#..#
.....#.........#
...............#
.......).).....#
.......C@)<....#
.........).....#
..#.###....[...####+####.
. # ####...[....#(#....
#........###....
#....D...()......
###......[.......
##.............
##..##........


You could see a frost giant and a quicksilver dragon.

Vanquished Creatures
  Vashnia (Snake:2)
  A lich (Depths:1)
  2 deep elf blademasters (Elf:3)
  Frances (Snake:1)
  A sphinx (Depths:1)
  A sphinx (shapeshifter) (Depths:2)
  2 acid blobs (Lair:6)
  2 tengu reavers (Depths:1)
  Kirke (Swamp:3)
  A thorn hunter (Swamp:3)
  5 nagarajas
  2 fire giants
  7 deep elf sorcerers
  An orc warlord (Orc:1)
  Louise (Snake:1)
  An emperor scorpion (D:15)
  5 deep elf elementalists (Elf:3)
  2 war gargoyles (Depths:2)
  2 stone giants
  A stone giant (shapeshifter) (Depths:2)
  7 very ugly things (Depths:2)
  A dire elephant (Lair:6)
  6 deep elf demonologists (Elf:3)
  A dire elephant (shapeshifter) (Depths:2)
  A minotaur (shapeshifter) (Depths:2)
  Azrael (D:13)
  6 deep elf annihilators (Elf:3)
  7 crystal guardians (Depths:2)
  A blizzard demon (Depths:2)
  2 ettins
  3 jiangshi
  4 deep elf death magi (Elf:3)
  2 fire dragons
  Josephine (Orc:2)
  2 great orbs of eyes (Depths:1)
  3 deep elf high priests (Elf:3)
  The ghost of Wuuth the Fighter, a journeyman DrIE of Vehumet (Lair:1)
  4 ice dragons
  11 naga warriors
  A vault guard (D:15)
  A shambling mangrove (Swamp:3)
  A spriggan air mage (Depths:2)
  3 catoblepae
  22 anacondas
  23 hydras
  9 two-headed ogres
  4 centaur warriors
  25 dancing weapons
  4 deep troll shamans
  3 ogre magi
  4 tengu warriors
  15 alligators
  4 deep troll earth magi
  A queen ant (Lair:2)
  2 spriggan berserkers (Depths:3)
  The ghost of Suz Xeezy the Grappler, a journeyman VSMo of Elyvilon (Lair:2)
  6 death yaks (Lair:6)
  A vampire mage (Depths:1)
  Urug (Orc:2)
  6 deep elf knights
  2 shock serpents
  18 naga sharpshooters
  2 orc high priests (Orc:2)
  5 salamander mystics
  4 hell knights
  A soul eater (Snake:3)
  Nergalle (D:10)
  A spectral death yak (Lair:1)
  3 skeletal warriors (D:15)
  2 iron trolls (Depths:1)
  2 unseen horrors
  8 naga ritualists
  8 swamp dragons
  7 deep trolls
  A glowing orange brain (shapeshifter) (Depths:3)
  4 obsidian statues (Depths:2)
  7 wizards
  4 glowing orange brains
  4 lindwurms
  4 orc knights
  Pikel (D:4)
  17 mana vipers
  A necromancer (D:14)
  4 deep elf archers
  7 orc sorcerers
  A harpy (shapeshifter) (Elf:2)
  30 deep elf magi
  3 cyclopes
  A wolf spider (D:14)
  6 salamanders
  A shining eye (shapeshifter) (Depths:2)
  31 ugly things
  A manticore (D:15)
  A glowing shapeshifter (D:15)
  A cyclops (shapeshifter) (Depths:2)
  4 centaur zombies
  9 guardian serpents
  8 elephants (Lair:6)
  2 ice statues (IceCv)
  4 molten gargoyles (Depths:2)
  44 black mambas
  A water nymph (shapeshifter) (Depths:2)
  2 gargoyles
  26 naga magi
  15 spiny frogs
  An efreet (D:14)
  7 rime drakes
  4 kobold demonologists
  11 komodo dragons
  9 yaktaurs
  A redback zombie (D:13)
  7 tyrant leeches
  A yaktaur (shapeshifter) (Depths:3)
  12 trolls
  7 polar bears
  3 tengu conjurers
  A queen bee (shapeshifter) (Depths:2)
  9 hornets
  2 wind drakes (Depths:2)
  5 hippogriffs
  12 blink frogs
  11 bog bodies
  10 slime creatures
  5 shadows
  A redback (shapeshifter) (D:15)
  2 spectral black mambas (Lair:1)
  11 air elementals
  A hog (Swamp:3)
  3 vampires
  4 spriggans
  13 water elementals
  Sigmund (D:3)
  A yak (shapeshifter) (D:15)
  2 wyverns
  12 fire elementals
  7 wraiths
  2 basilisks
  47 yaks
  5 hungry ghosts
  22 vampire mosquitoes
  A spectral spiny frog (Lair:1)
  Menkaure (D:7)
  5 wargs
  A death yak simulacrum (Lair:1)
  30 nagas
  7 insubstantial wisps
  A two-headed ogre zombie (D:9)
  16 soldier ants
  8 swamp worms
  2 acid dragons
  3 hell hounds (D:13)
  16 water moccasins
  5 porcupines
  4 black bears
  20 ice beasts
  8 swamp drakes
  2 sky beasts
  30 orc warriors
  A necrophage (D:13)
  A hornet zombie (D:8)
  2 eyes of draining
  16 ogres
  2 phantoms
  23 wolves
  9 boggarts
  18 centaurs
  5 crocodiles
  3 big kobolds
  An elf zombie (Ossuary)
  24 bullfrogs
  16 earth elementals
  2 gnoll sergeants (Orc:2)
  A wyvern skeleton (D:10)
  5 troll zombies (D:9)
  6 killer bees
  9 wights
  5 howler monkeys
  6 electric eels
  8 crimson imps
  A bullfrog zombie (D:9)
  8 hounds
  2 quasits
  21 orc priests
  4 jellies
  37 orc wizards
  A gnoll shaman (D:9)
  A bullfrog skeleton (D:6)
  5 centaur skeletons
  6 iguanas
  34 worker ants
  A killer bee zombie (D:10)
  2 big kobold zombies (Ossuary)
  2 ogre zombies (D:9)
  2 hound zombies
  A hound skeleton (D:11)
  3 mummies (Ossuary)
  A howler monkey skeleton (D:10)
  14 gnolls
  9 adders
  2 shadow imps
  An ooze (D:3)
  An adder zombie (D:7)
  4 worms
  6 leopard geckos
  72 orcs
  9 giant cockroaches
  11 goblins
  10 hobgoblins
  9 jackals
  19 kobolds
  8 quokkas
  3 ball pythons
  A ball python skeleton (D:4)
  12 bats
  7 frilled lizards
  A goblin skeleton (D:9)
  5 goblin zombies
  2 hobgoblin skeletons (D:9)
  3 hobgoblin zombies
  4 kobold zombies (Ossuary)
  A leopard gecko zombie (D:5)
  3 orc skeletons (D:9)
  17 orc zombies (D:9)
  A quokka skeleton (D:8)
  2 quokka zombies
  10 rats
  4 fungi
  A plant (Lair:5)
1509 creatures vanquished.

Vanquished Creatures (collateral kills)
  the Lernaean hydra (Swamp:4)
  A nagaraja (Snake:4)
  4 hydras (Swamp:4)
  An anaconda (Snake:4)
  2 shock serpents (Snake:4)
  A swamp dragon (Swamp:4)
  A wizard (D:14)
  A lindwurm (Snake:4)
  A mana viper (Snake:4)
  2 naga magi (Snake:4)
  A bog body (Swamp:4)
  2 nagas (Snake:4)
  3 swamp drakes (Swamp:4)
21 creatures vanquished.

Vanquished Creatures (others)
  2 deep elf master archers (Elf:3)
  A glowing orange brain (Depths:2)
  2 deep elf archers
  An ugly thing (D:14)
  A tyrant leech (Swamp:4)
  An air elemental (Depths:2)
  An insubstantial wisp (Depths:2)
  A howler monkey (D:4)
  9 ball lightnings (Depths:2)
  A frilled lizard (D:4)
  3 briar patches (Swamp:3)
  32 fungi
  22 plants
77 creatures vanquished.

Grand Total: 1607 creatures vanquished

Notes
Turn   | Place    | Note
-------+----------+-------------------------------------------
     0 | D:1      | twirl the Minotaur Berserker began the quest for the Orb.
     0 | D:1      | Reached XP level 1. HP: 19/19 MP: 0/0
    89 | D:1      | Reached XP level 2. HP: 27/27 MP: 1/1
   469 | D:1      | Reached ** piety under Trog
   782 | D:2      | Reached skill level 4 in Fighting
   782 | D:2      | Reached XP level 3. HP: 12/33 MP: 2/2
  1801 | D:2      | Reached XP level 4. HP: 40/40 MP: 3/3
  2242 | D:3      | Reached skill level 5 in Axes
  2245 | D:3      | Reached *** piety under Trog
  2402 | D:3      | Noticed Sigmund
  2424 | D:3      | Killed Sigmund
  2424 | D:3      | Reached XP level 5. HP: 10/47 MP: 4/4
  2781 | D:3      | Reached XP level 6. HP: 55/55 MP: 5/5
  2911 | D:4      | Reached skill level 5 in Fighting
  3208 | D:4      | Found a staircase to the Ecumenical Temple.
  3294 | Temple   | Entered the Ecumenical Temple
  3498 | D:4      | Noticed a slave
  3503 | D:4      | Noticed a slave
  3503 | D:4      | Noticed a slave
  3503 | D:4      | Noticed Pikel
  3504 | D:4      | Noticed a slave
  3512 | D:4      | Killed Pikel
  3512 | D:4      | Reached skill level 6 in Fighting
  3512 | D:4      | Reached skill level 5 in Armour
  3512 | D:4      | Reached XP level 7. HP: 63/63 MP: 6/6
  3531 | D:4      | Identified the +6 war axe of Kenwept {pain, rElec rF+}
  3678 | D:4      | Reached skill level 5 in Dodging
  3678 | D:4      | Reached XP level 8. HP: 68/70 MP: 7/7
  4330 | D:5      | Entered Level 5 of the Dungeon
  4397 | D:5      | Reached **** piety under Trog
  5064 | D:6      | Found Rumeawosh's Antique Weapon Boutique.
  5124 | D:6      | Found Ruid's Book Boutique.
  5189 | D:6      | Reached skill level 7 in Fighting
  5358 | D:6      | Reached XP level 9. HP: 79/79 MP: 8/8
  5373 | D:6      | Found Hefatz's Food Shop.
  5377 | D:6      | Found a sand-covered staircase.
  5384 | Ossuary  | Entered an ossuary
  5780 | Ossuary  | Reached skill level 10 in Axes
  6784 | D:7      | Noticed Menkaure
  6793 | D:7      | Killed Menkaure
  6793 | D:7      | Received a gift from Trog
  7552 | D:7      | Reached skill level 8 in Fighting
  7910 | D:7      | Found a sacrificial altar of Ru.
  7910 | D:7      | Found a snail-covered altar of Cheibriados.
  7910 | D:7      | Found an iron altar of Okawaru.
  7912 | D:7      | Found an opulent altar of Gozag.
  8507 | D:8      | Found a shattered altar of Ashenzari.
  8994 | D:8      | Reached XP level 10. HP: 90/90 MP: 9/9
  9118 | D:8      | Reached skill level 1 in Shields
  9409 | D:9      | Found a staircase to the Orcish Mines.
  9421 | D:9      | Reached ***** piety under Trog
  9621 | D:9      | Reached skill level 9 in Fighting
  9663 | D:9      | Got a pitted chain mail
  9694 | D:9      | Identified the cursed +1 chain mail of the Postmodern
                  | Wonders {+Inv rElec rN+ Dex+3} (You found it on level 9 of
                  | the Dungeon)
 10234 | D:10     | Entered Level 10 of the Dungeon
 10260 | D:10     | Noticed Nergalle
 10281 | D:10     | Killed Nergalle
 10477 | D:10     | Reached skill level 10 in Fighting
 10514 | D:10     | Found a staircase to the Lair.
 10849 | D:10     | Killed an unseen horror
 10849 | D:10     | Reached XP level 11. HP: 72/100 MP: 10/10
 11204 | D:10     | Received a gift from Trog
 11403 | D:11     | Noticed a red ugly thing
 11415 | D:11     | Killed a red ugly thing
 12100 | D:11     | Found Jukhlurea's General Store.
 12252 | D:11     | Reached skill level 11 in Fighting
 12304 | D:12     | HP: 2/102 [troll (7)]
 13148 | D:11     | Reached skill level 15 in Axes
 13505 | D:12     | Noticed a green ugly thing
 13515 | D:12     | Killed a green ugly thing
 13515 | D:12     | Reached XP level 12. HP: 110/110 MP: 11/11
 13609 | D:12     | Received a gift from Trog
 13695 | D:12     | Noticed a two-headed ogre
 13702 | D:12     | Killed a two-headed ogre
 14171 | Lair:1   | Entered Level 1 of the Lair of Beasts
 14571 | Lair:1   | Reached skill level 10 in Armour
 15179 | Lair:1   | Found a runed gate.
 15179 | Lair:1   | Found a runed gate.
 15179 | Lair:1   | Found a runed gate.
 15186 | Lair:1   | Noticed Wuuth's ghost (journeyman DrIE)
 15404 | Lair:2   | Found a staircase to the Snake Pit.
 15433 | Lair:2   | Found a runed door.
 15435 | Lair:2   | Found a shimmering altar of Xom.
 15435 | Lair:2   | Noticed Suz Xeezy's ghost (journeyman VSMo)
 15491 | Lair:2   | Noticed a queen ant
 15496 | Lair:2   | Reached skill level 12 in Fighting
 15508 | Lair:2   | Killed a queen ant
 16308 | Lair:2   | Reached skill level 10 in Dodging
 16869 | Lair:2   | Paralysed by a +0 rapier of chaos for 4 turns
 16895 | Lair:2   | Killed Suz Xeezy's ghost
 16895 | Lair:2   | Received a gift from Trog
 17326 | Lair:3   | Noticed a seven-headed hydra
 17344 | Lair:3   | Killed a ten-headed hydra
 17344 | Lair:3   | Reached XP level 13. HP: 108/119 MP: 12/12
 17380 | Lair:3   | Reached skill level 13 in Fighting
 18117 | Lair:3   | Found a shadowy altar of Dithmenos.
 18295 | Lair:3   | Found a staircase to the Swamp.
 19644 | D:11     | Bought the ring "Esmu" {rPois rC+ MP+9 Stlth-} for 758 gold
                  | pieces
 19745 | Lair:1   | Killed Wuuth's ghost
 19921 | Lair:1   | Identified Okhupned's Incunabulum of Darkness and the
                  | Snowflakes
 20073 | Lair:5   | Reached skill level 14 in Fighting
 20088 | Lair:5   | Found a frozen archway.
 20192 | IceCv    | Entered an ice cave
 21277 | Lair:5   | Reached XP level 14. HP: 125/133 MP: 13/13
 22211 | Lair:6   | Entered Level 6 of the Lair of Beasts
 22593 | Lair:6   | Reached skill level 15 in Fighting
 22639 | Lair:6   | Found a runed door.
 22639 | Lair:6   | Found a viscous altar of Jiyva.
 22642 | Lair:6   | Noticed an acid blob
 22649 | Lair:6   | Found a staircase to the Slime Pits.
 22650 | Lair:6   | Noticed an acid blob
 23648 | Lair:6   | Reached ****** piety under Trog
 23988 | Lair:6   | Reached skill level 1 in Evocations
 24204 | Lair:6   | Received a gift from Trog
 24439 | Lair:6   | Killed an acid blob
 24446 | Lair:6   | Killed an acid blob
 24446 | Lair:6   | Reached skill level 16 in Fighting
 25341 | D:13     | Reached XP level 15. HP: 127/145 MP: 16/16
 25355 | D:13     | Noticed Azrael
 25366 | D:13     | Killed Azrael
 25368 | D:13     | Received a gift from Trog
 25767 | Orc:1    | Entered Level 1 of the Orcish Mines
 26002 | Orc:2    | Entered Level 2 of the Orcish Mines
 26144 | Orc:1    | Reached skill level 15 in Armour
 26467 | Orc:2    | Found Ulodew Kiva's Jewellery Shop.
 26468 | Orc:2    | Found Ceyrhos's Antique Armour Emporium.
 26469 | Orc:2    | Noticed an orc warlord
 26588 | Orc:2    | Noticed Josephine
 26676 | Orc:1    | Killed an orc warlord
 27090 | Orc:2    | Killed Josephine
 27090 | Orc:2    | Reached skill level 17 in Fighting
 27687 | Orc:2    | Noticed Urug
 27705 | Orc:2    | Killed Urug
 27889 | Orc:2    | Received a gift from Trog
 27978 | Orc:2    | Found a staircase to the Elven Halls.
 27980 | Orc:2    | Found Estim's Book Shoppe.
 28224 | Orc:2    | Found Ruylad's Jewellery Boutique.
 28225 | Orc:2    | Found Itezuesu's Magic Scroll Shop.
 28229 | Orc:2    | Found Zitay's Food Shop.
 28231 | Orc:2    | Found Lisisiet's Magic Scroll Boutique.
 28417 | Orc:2    | Found Ibet's Book Emporium.
 28594 | Orc:2    | Bought a scroll of acquirement for 936 gold pieces
 28627 | Orc:1    | Reached skill level 5 in Evocations
 29111 | D:14     | Found a gate to the Vaults.
 29445 | D:14     | Identified the ring "Dodeejeo" {Fire Int+5 Stlth+}
 29446 | D:14     | Found a deep blue altar of Sif Muna.
 29448 | D:14     | Found a transporter.
 29496 | D:14     | Reached skill level 5 in Shields
 29965 | D:14     | Received a gift from Trog
 30550 | D:15     | Entered Level 15 of the Dungeon
 31162 | D:15     | Reached XP level 16. HP: 157/157 MP: 18/18
 31527 | D:15     | Reached skill level 18 in Fighting
 32033 | D:15     | Found a staircase to the Depths.
 32279 | D:15     | Found Caraj's Armour Shoppe.
 32391 | D:15     | Found a portal to a secret trove of treasure.
 32684 | Swamp:1  | Entered Level 1 of the Swamp
 32758 | Swamp:1  | Reached skill level 10 in Shields
 32768 | Swamp:1  | Received a gift from Trog
 35454 | Swamp:3  | Noticed a thorn hunter
 35473 | Swamp:3  | Killed a thorn hunter
 35893 | Swamp:3  | Noticed Kirke
 35900 | Swamp:3  | Killed Kirke
 36233 | Swamp:4  | Entered Level 4 of the Swamp
 37517 | Swamp:4  | Reached XP level 17. HP: 158/166 MP: 19/19
 37526 | Swamp:4  | Received a gift from Trog
 37745 | Swamp:4  | Noticed the 27-headed Lernaean hydra
 37761 | Swamp:4  | Killed the 26-headed Lernaean hydra
 37785 | Swamp:4  | Got a decaying rune of Zot
 37809 | Swamp:4  | Reached skill level 19 in Fighting
 38418 | Snake:1  | Entered Level 1 of the Snake Pit
 38418 | Snake:1  | Found Rikky's Distillery.
 38932 | D:14     | Found a transporter.
 40153 | Snake:1  | Noticed Frances
 40163 | Snake:1  | Killed Frances
 40368 | Snake:1  | Noticed Louise
 40391 | Snake:1  | Killed Louise
 40639 | Snake:2  | Received a gift from Trog
 41277 | Snake:2  | Reached skill level 15 in Shields
 41296 | Snake:2  | Noticed Vashnia
 42011 | Snake:2  | Killed Vashnia
 43205 | Snake:3  | Reached XP level 18. HP: 174/178 MP: 20/20
 43213 | Snake:3  | Found Giunow's Book Emporium.
 43235 | Snake:3  | Found a transporter.
 43295 | Snake:3  | Received a gift from Trog
 43632 | Snake:3  | Found a transporter.
 44206 | Snake:3  | Got a warped lapis lazuli ring
 44219 | Snake:3  | Got a slimy wooden ring
 44222 | Snake:3  | Got a crystal mace
 44228 | Snake:3  | Identified the ring "Xaitac" {rF+ rC+ Slay+3} (You found it
                  | on level 3 of the Snake Pit)
 44230 | Snake:3  | Identified the ring of Sovereignty {rCorr rC+ Int+2 Stlth+}
                  | (You found it on level 3 of the Snake Pit)
 44279 | Snake:4  | Entered Level 4 of the Snake Pit
 44494 | Snake:4  | Found Fuesei's Armour Boutique.
 44648 | Snake:4  | Reached skill level 20 in Fighting
 45070 | Snake:4  | Received a gift from Trog
 46312 | Snake:4  | Identified the +8 mace "Wimegra" {crush, rC+ Stlth+} (You
                  | found it on level 3 of the Snake Pit)
 47014 | Snake:4  | Reached skill level 21 in Fighting
 47660 | Snake:4  | Got a serpentine rune of Zot
 48046 | Depths:1 | Entered Level 1 of the Depths
 48308 | D:15     | Received a gift from Trog
 48653 | Depths:1 | Reached XP level 19. HP: 189/189 MP: 21/21
 49048 | Elf:1    | Entered Level 1 of the Elven Halls
 49962 | Elf:1    | Got a pair of dazzling gloves
 49994 | Elf:1    | Identified the cursed +0 pair of gloves "Xunyate" {+Inv
                  | Int+6} (You found it on level 1 of the Elven Halls)
 50014 | Elf:1    | Got a faintly glowing quarterstaff
 50016 | Elf:1    | Got a bloodstained scythe
 50075 | Elf:1    | Identified the +10 scythe "Vulada" {freeze, +Fly MP+9
                  | Stlth+} (You found it on level 1 of the Elven Halls)
 50076 | Elf:1    | Identified the +1 quarterstaff of the Saviour {crush, Str-2
                  | Dex+5} (You found it on level 1 of the Elven Halls)
 50517 | Elf:2    | Found a huge runed gate.
 50517 | Elf:2    | Found a huge runed gate.
 50517 | Elf:2    | Found a huge runed gate.
 50517 | Elf:2    | Found a huge runed gate.
 50525 | Elf:2    | Found a huge runed gate.
 50659 | Elf:2    | Received a gift from Trog
 51266 | Elf:3    | Entered Level 3 of the Elven Halls
 51886 | Elf:3    | Reached skill level 22 in Fighting
 52083 | Elf:3    | Found Leugg's General Store.
 52205 | Elf:3    | Noticed a Tzitzimitl
 52599 | Elf:3    | Received a gift from Trog
 52704 | Elf:3    | Identified the +1 glaive of the Eternal Warrior {chop,
                  | *Corrode +Rage rPois rC+++}
 52981 | Elf:3    | Identified the ring "Qagig" {+Fly rPois Int+4 Stlth-}
 53045 | Elf:3    | Identified the ring "Dikhuff" {rCorr Str+3 Dex+3}
 53832 | Elf:3    | Identified the +1 battleaxe of Duty {freeze, *Slow rF+ MR+
                  | Str+8}
 53915 | Elf:3    | Identified the Volume of Dislocated Moulding
 54173 | Elf:3    | Identified the +9 great sword "Xirch" {freeze, rPois rN+}
 54294 | Elf:3    | Identified the cursed +3 falchion of the Original Sin
                  | {drain, +Blink Dex+3}
 54294 | Elf:3    | Identified the +1 robe of the Slightly Bent {Dex+6}
 54297 | Elf:3    | Identified the cursed +2 halberd "Hydrabane" {chop, Int+3}
 54297 | Elf:3    | Identified the ring "Gufocucu" {*Slow EV+4 Str+4 Int+8}
 54861 | Elf:3    | Got a warped large shield
 54872 | Elf:3    | Identified the +0 large shield "Viosuh" {rElec rF+} (You
                  | acquired it on level 3 of the Elven Halls)
 55018 | Orc:2    | Bought polished gold dragon scales for 2720 gold pieces
 55028 | Orc:2    | Identified the cursed +0 gold dragon scales "Tuask" {rPois
                  | rF+ rC+ MR- rCorr Int+3} (You bought it in a shop on level
                  | 2 of the Orcish Mines)
 55277 | Depths:1 | Received a gift from Trog
 55494 | Depths:1 | Reached XP level 20. HP: 202/202 MP: 22/22
 55820 | Depths:1 | Found a gateway to Hell.
 56493 | Depths:1 | Found a radiant altar of Vehumet.
 56504 | Depths:1 | Reached skill level 23 in Fighting
 56843 | Depths:2 | Received a gift from Trog
 57937 | Depths:2 | Gained mutation: You are clumsy. (Dex -2) [a neqoxec]
 58612 | Depths:2 | Received a gift from Trog
 58907 | Depths:2 | Got a faintly glowing amber ring
 58909 | Depths:2 | Identified the ring "Piliucvim" {rElec rF+ Slay+3 Stlth+}
                  | (You found it on level 2 of the Depths)
 59155 | Depths:2 | Got a vibrating ivory ring
 59157 | Depths:2 | Identified the ring "Qyod" {rF++ Str-4 SInv} (You found it
                  | on level 2 of the Depths)
 59193 | Depths:2 | Found the +7 Singing Sword {slice, sonic wave}
 60844 | Depths:3 | Reached skill level 1 in Long Blades
 61369 | Depths:3 | HP: 10/204 [frost giant/bolt of cold (23)]
 61370 | Depths:3 | Killed from afar by a frost giant

Vault maps used:
D:1:      dpeg_arrival_arbitrary_b, chequers_serial_rivers_micro_c
D:2:      minmay_diamond_boxcup
D:3:      first_ration, hangedman_decor_push, uniq_sigmund
D:4:      minmay_temple_entry_statues_pillars, serial_rivers,
          chequers_serial_rivers_small_a, chequers_serial_rivers_micro_c,
          chequers_serial_rivers_large_a, chequers_serial_rivers_micro_a,
          chequers_serial_rivers_micro_b, chequers_serial_rivers_micro_d,
          uniq_pikel
D:6:      nicolae_ossuary_entry_monument, serial_shops, kennysheep_mini,
          nicolae_shop_window_shopping, nicolae_shop_overgrown_old_shop
D:7:      minitemple, uniq_menkaure
D:8:      nicolae_ashenzari_panopticon
D:9:      zombieorc2_lemuel
D:10:     erik_lair_island, uniq_nergalle
D:11:     serial_shops, shop
D:13:     hangedman_stone_soup, uniq_azrael
D:14:     gammafunk_sealed_library, chequers_serial_rivers_micro_a
D:15:     hangedman_depths_entry_try_elsewhere_first, enter_trove_5,
          roderic_lattice_a, serial_shops, shop
Temple:   eino_narrow_crystal_temple
Lair:1:   gammafunk_ghost_necromancy, grunt_megastairs_1, serial_bayou_shore_a
Lair:2:   dummy_snake_entry, ebering_ghost_xom, grunt_forest_stairs_basic,
          zaba_anthell
Lair:3:   swamp_mist, basic_altar, st_stairs_13, patterned_corridor,
          grunt_megastairs_2, infiniplex_staircase_pool
Lair:4:   minivault_27, columned_hall_lemuel, infiniplex_staircase_pool_2,
          serial_bayou_shore_b
Lair:5:   portal_ice_cave_entry_animals_and_master
Lair:6:   grunt_lair_end_beastmaster, slime_altar_2
Swamp:1:  nicolae_swamp_little_tower
Swamp:2:  evilmike_swamp_ruin_house_6
Swamp:3:  nicolae_swamp_treefoil, uniq_kirke
Swamp:4:  grunt_swamp_rune_castle
Snake:1:  serial_shops, shop, uniq_frances, uniq_louise
Snake:2:  grunt_ministairs_2, uniq_vashnia
Snake:3:  gammafunk_its_a_trap, serial_shops, shop
Snake:4:  snake_pit_salamanders_mu, serial_shops, nicolae_shop_waterfront,
          nrook_guardian_serpent_double
Orc:2:    st_orc_mages, serial_shops, nicolae_shop_waterfront, shop, shop,
          nicolae_shop_behind_doors, sword_in_stone, uniq_urug, uniq_josephine
Elf:1:    hangedman_elf_disciples, hangedman_elf_targetted_burst, spider_trap,
          lemuel_flamethrower_hall
Elf:2:    minivault_14, grunt_ministairs_12, minivault_25, minmay_crystal_room
Elf:3:    grunt_elf_hall_branching, serial_shops,
          nicolae_shop_competitors_out_of_business
Depths:1: hell_entry, glass_columns_a, hangedman_decor_slide_cut,
          grunt_tower_of_power
Depths:2: radiant_caverns_a_rkd, hell_entry
Depths:3: minmay_the_grid_triangle_9x9_recursive_3, abyss_entry, hellmouth_1,
          pan_entry, minmay_misc_feat_encased, kennysheep_path_1,
          grunt_tough_drop
Ossuary:  ossuary_kennysheep_city_of_the_dead
IceCv:    ice_cave_small_dragons

Skill      XL: |  1  2  3  4  5  6  7  8  9 10 11 12 13 14 15 16 17 18 19 20 |
---------------+-------------------------------------------------------------+-----
Axes           | 4 5 7 9 11 13 15 16 | 16.0
Fighting       | 4 6 7 8 10 11 12 14 16 17 18 19 21 22 23 | 23.3
Armour         | 3 5 6 8 9 11 13 14 16 17 18 19 | 19.2
Dodging        | 3 4 5 6 7 8 10 12 13 14 | 14.1
Shields        | 4 8 13 15 18 20 21 | 21.4
Evocations     | 3 5 |  5.0
Long Blades    | 4 |  4.0

Action                   |  1- 3 |  4- 6 |  7- 9 | 10-12 | 13-15 | 16-18 | 19-21 || total
-------------------------+-------+-------+-------+-------+-------+-------+-------++-------
Melee: Hand axe          |   109 |   123 |    13 |       |       |       |       ||   245
       Headbutt          |    14 |    17 |    37 |   126 |   334 |   423 |   284 ||  1235
       War axe           |       |       |   212 |   633 |  1241 |  1703 |  1007 ||  4796
       Double sword      |       |       |       |       |       |       |    30 ||    30
Invok: Berserk           |       |     4 |     4 |    19 |    31 |    40 |    23 ||   121
       Trog's Hand       |       |     1 |     3 |     6 |    12 |    10 |     7 ||    39
       Brothers in Arms  |       |       |       |       |       |     8 |       ||     8
 Abil: Evoke Flight      |       |       |       |       |       |       |     2 ||     2
Evoke: Wand              |       |       |       |       |       |       |     5 ||     5
  Use: Scroll            |       |       |    16 |     9 |    10 |     5 |    11 ||    51
       Potion            |       |       |       |     1 |     3 |     3 |     8 ||    15
 Stab: Petrified         |       |       |       |       |    10 |     2 |       ||    12
       Petrifying        |       |       |       |       |     3 |       |       ||     3
       Confused          |       |       |       |       |       |     2 |       ||     2
       Distracted        |       |       |       |       |       |     3 |       ||     3
  Eat: Chunk             |     3 |     8 |    20 |    31 |    45 |    23 |    14 ||   144
       Ration            |       |       |     1 |     6 |    10 |    23 |    15 ||    55
Armor: Animal skin       |    18 |       |       |       |       |       |       ||    18
       Chain mail        |    22 |    47 |    87 |   228 |   441 |   305 |       ||  1130
       Plate armour      |       |       |       |       |       |   314 |   239 ||   553
       Crystal plate arm |       |       |       |       |       |       |    71 ||    71
Dodge: Dodged            |    71 |    66 |   104 |   287 |   614 |   673 |   178 ||  1993
Block: Buckler           |       |       |       |   118 |   155 |       |       ||   273
       Shield            |       |       |       |       |   133 |   515 |       ||   648
       Large shield      |       |       |       |       |       |   914 |   952 ||  1866
       Reflection        |       |       |       |       |       |       |    45 ||    45
       Rpst.: Double sword |       |       |       |       |       |       |     1 ||     1

Table legend:
 A = Non-vault XP
 B = Vault XP
 C = Vault XP percentage of total XP
 D = Non-vault monster count
 E = Vault monster count
 F = Vault count percentage of total count
                 A         B        C        D         E       F
            +---------+---------+-------+---------+---------+-------
      Total |  303276 |  265436 |  46.7 |     990 |     540 |  35.3
            +---------+---------+-------+---------+---------+-------
        D:1 |      35 |       0 |   0.0 |      22 |       0 |   0.0
        D:2 |      54 |      19 |  26.0 |      21 |      10 |  32.3
        D:3 |     118 |     208 |  63.8 |      29 |       1 |   3.3
        D:4 |     453 |     629 |  58.1 |      23 |       1 |   4.2
        D:5 |     380 |       0 |   0.0 |      18 |       0 |   0.0
        D:6 |    1054 |       0 |   0.0 |      14 |       0 |   0.0
        D:7 |    1296 |     172 |  11.7 |      27 |       1 |   3.6
        D:8 |     953 |       0 |   0.0 |      17 |       0 |   0.0
        D:9 |     941 |    1112 |  54.2 |      25 |      36 |  59.0
       D:10 |    3130 |    1734 |  35.6 |      33 |      10 |  23.3
       D:11 |    5074 |       0 |   0.0 |      43 |       0 |   0.0
       D:12 |    5938 |       0 |   0.0 |      30 |       0 |   0.0
       D:13 |    7148 |    3377 |  32.1 |      37 |      12 |  24.5
       D:14 |   21405 |    7299 |  25.4 |      61 |      16 |  20.8
       D:15 |   25860 |    4646 |  15.2 |      72 |       5 |   6.5
     Lair:1 |    2588 |    2946 |  53.2 |      10 |       7 |  41.2
     Lair:2 |    3698 |    5885 |  61.4 |      17 |      45 |  72.6
     Lair:3 |    7585 |    1221 |  13.9 |      30 |       3 |   9.1
     Lair:4 |    6148 |       0 |   0.0 |      22 |       0 |   0.0
     Lair:5 |    7158 |    2377 |  24.9 |      23 |       8 |  25.8
     Lair:6 |    9983 |   15594 |  61.0 |      36 |      21 |  36.8
    Swamp:1 |   14190 |       0 |   0.0 |      34 |       0 |   0.0
    Swamp:2 |   10656 |       0 |   0.0 |      19 |       0 |   0.0
    Swamp:3 |    8159 |    2331 |  22.2 |      15 |       2 |  11.8
    Swamp:4 |    7257 |   17723 |  70.9 |      19 |      33 |  63.5
    Snake:1 |   10230 |    4032 |  28.3 |      17 |       2 |  10.5
    Snake:2 |   19930 |   11822 |  37.2 |      35 |      11 |  23.9
    Snake:3 |   15539 |    3175 |  17.0 |      28 |       7 |  20.0
    Snake:4 |   16433 |   48374 |  74.6 |      37 |      73 |  66.4
      Orc:1 |    7845 |     749 |   8.7 |      37 |       4 |   9.8
      Orc:2 |    4010 |    7775 |  66.0 |      30 |      49 |  62.0
      Elf:1 |    5397 |    5548 |  50.7 |      10 |       9 |  47.4
      Elf:2 |   13483 |    2557 |  15.9 |      22 |       4 |  15.4
      Elf:3 |   12292 |   46738 |  79.2 |      17 |      32 |  65.3
   Depths:1 |   35240 |    7592 |  17.7 |      45 |       6 |  11.8
   Depths:2 |    2678 |   53322 |  95.2 |       3 |      94 |  96.9
   Depths:3 |    8938 |     717 |   7.4 |      12 |       1 |   7.7
    Ossuary |       0 |     408 | 100.0 |       0 |      17 | 100.0
      IceCv |       0 |    5354 | 100.0 |       0 |      20 | 100.0
            +---------+---------+-------+---------+---------+-------
